MLB
DETROIT TIGERS @ MINNESOTA TWINS
06/23/2045
 
TOP OF THE 1ST
Detroit Tigers batting - Pitching for Minnesota Twins : RHP Jose Lopez
Pitching: RHP Jose Lopez
Batting: RHB Greg Harman 0-0: Ball
1-0: Called Strike
1-1: SINGLE (Line Drive, 7S, EV 102.5 MPH)
Batting: RHB Luke Feeney 0-0: Called Strike
0-1: Called Strike
0-2: Ball
1-2: Strikes out swinging
Batting: RHB Ryan Neal 0-0: 2-RUN HOME RUN (Flyball, 78XD, EV 101.9 MPH), Distance : 413 ft
Batting: RHB Victor Quinones 0-0: Called Strike
0-1: Ball
1-1: Foul Ball, location: 2F
1-2: Foul Ball, location: 2F
1-2: SOLO HOME RUN (Flyball, 9D, EV 104.4 MPH) (Inside the Park)
Batting: LHB Emmanuel Gaskin 0-0: Ball
1-0: Swinging Strike
1-1: Foul Ball, location: 2F
1-2: Strikes out swinging
Batting: RHB Dave Reynolds 0-0: Called Strike
0-1: Foul Ball, location: 2F
0-2: Ground out 5-3 (Groundball, 5, EV 91.9 MPH)
Top of the 1st over - 3 runs, 3 hits, 0 errors, 0 left on base; Detroit 3 - Minnesota 0
BOTTOM OF THE 1ST
Minnesota Twins batting - Pitching for Detroit Tigers : LHP Momosuke Sato
Pitching: LHP Momosuke Sato
Batting: RHB Jesse Scott 0-0: Ball
1-0: Ground out 5-3 (Groundball, 56S, EV 83.8 MPH)
Batting: RHB Väinö Tapaninen 0-0: Called Strike
0-1: Ball
1-1: Foul Ball, location: 2F
1-2: SINGLE (Line Drive, 8LS, EV 100.0 MPH)
Batting: RHB Hildo Pot 0-0: SINGLE (Flyball, 8RS, EV 90.0 MPH)
Väinö Tapaninen to second
Runner from 2nd tries for 3rd, OUT! 8-5
Batting: RHB Matthew Starr 0-0: Ball
1-0: Ball
2-0: Foul Ball, location: 2F
2-1: Fly out, F9 (Line Drive, 9, EV 88.8 MPH)
Bottom of the 1st over - 0 runs, 2 hits, 0 errors, 1 left on base; Detroit 3 - Minnesota 0
TOP OF THE 2ND
Detroit Tigers batting - Pitching for Minnesota Twins : RHP Jose Lopez
Batting: RHB Brady Jeleniewski 0-0: Called Strike
0-1: Fly out, F8 (Flyball, 89XD, EV 90.0 MPH)
Batting: RHB Danny Eberhart 0-0: Called Strike
0-1: DOUBLE (Line Drive, 9LM, EV 86.2 MPH)
Batting: RHB Dave Calder 0-0: Foul Ball, location: 2F
0-1: Foul Ball, location: 2F
0-2: Ball
1-2: Strikes out looking
Batting: RHB Greg Harman 0-0: Ball
1-0: Called Strike
1-1: Foul Ball, location: 2F
1-2: Ball
2-2: Ball
3-2: Strikes out swinging
Top of the 2nd over - 0 runs, 1 hit, 0 errors, 1 left on base; Detroit 3 - Minnesota 0
BOTTOM OF THE 2ND
Minnesota Twins batting - Pitching for Detroit Tigers : LHP Momosuke Sato
Batting: RHB Danny Miramontes 0-0: Ball
1-0: Swinging Strike
1-1: Ball
2-1: Called Strike
2-2: Ball
3-2: Base on Balls
Batting: RHB José Molina 0-0: Ball
1-0: Called Strike
1-1: Ball
2-1: Fly out, F7 (Flyball, 7, EV 90.6 MPH)
Batting: RHB Yonetoshi Muranaka 0-0: Ball
1-0: Ball
2-0: SINGLE (Groundball, 56D, EV 95.6 MPH)
Danny Miramontes to second
Batting: LHB Gerardo Flores 0-0: Fly out, F9 (Line Drive, 9, EV 93.1 MPH)
Batting: RHB Tony Rivera 0-0: Called Strike
0-1: Foul Ball, location: 2F
0-2: Foul Ball, location: 2F
0-2: Fly out, F8 (Flyball, 8RM, EV 91.2 MPH)
Bottom of the 2nd over - 0 runs, 1 hit, 0 errors, 2 left on base; Detroit 3 - Minnesota 0
TOP OF THE 3RD
Detroit Tigers batting - Pitching for Minnesota Twins : RHP Jose Lopez
Batting: RHB Luke Feeney 0-0: Foul Ball, location: 2F
0-1: Ball
1-1: Foul Ball, location: 2F
1-2: Ball
2-2: Fly out, F6 (Popup, 6, EV 75.0 MPH)
Batting: RHB Ryan Neal 0-0: Ball
1-0: Ball
2-0: Foul Ball, location: 2F
2-1: Ball
3-1: SINGLE (Groundball, 34D, EV 105.0 MPH)
Batting: RHB Victor Quinones 0-0: Ball
Ryan Neal is caught stealing 2nd base 2-4
1-0: Fly out, F3 (Popup, 3S, EV 78.8 MPH)
Top of the 3rd over - 0 runs, 1 hit, 0 errors, 0 left on base; Detroit 3 - Minnesota 0
BOTTOM OF THE 3RD
Minnesota Twins batting - Pitching for Detroit Tigers : LHP Momosuke Sato
Batting: RHB Jesse Scott 0-0: Ball
1-0: Fly out, F5 (Flyball, 5D, EV 79.4 MPH)
Batting: RHB Väinö Tapaninen 0-0: Called Strike
0-1: Foul Ball, location: 2F
0-2: Ball
1-2: Ball
2-2: Strikes out swinging
Batting: RHB Hildo Pot 0-0: Ball
1-0: Foul Ball, location: 2F
1-1: Ball
2-1: Foul Ball, location: 2F
2-2: Fly out, F6 (Line Drive, 6, EV 70.6 MPH)
Bottom of the 3rd over - 0 runs, 0 hits, 0 errors, 0 left on base; Detroit 3 - Minnesota 0
TOP OF THE 4TH
Detroit Tigers batting - Pitching for Minnesota Twins : RHP Jose Lopez
Batting: LHB Emmanuel Gaskin 0-0: Foul Ball, location: 2F
0-1: Ground out 1-3 (Groundball, 13, EV 69.4 MPH)
Batting: RHB Dave Reynolds 0-0: Foul Ball, location: 2F
0-1: Called Strike
0-2: Ball
1-2: Foul Ball, location: 2F
1-2: Foul Ball, location: 2F
1-2: SOLO HOME RUN (Flyball, 78XD, EV 105.6 MPH), Distance : 392 ft
Batting: RHB Brady Jeleniewski 0-0: Ground out 1-3 (Groundball, 34S, EV 65.6 MPH)
Batting: RHB Danny Eberhart 0-0: Ball
1-0: Swinging Strike
1-1: Ball
2-1: Ball
3-1: Foul Ball, location: 2F
3-2: Foul Ball, location: 2F
3-2: Foul Ball, location: 2F
3-2: Ground out 4-3 (Groundball, 34D, EV 105.0 MPH)
Top of the 4th over - 1 run, 1 hit, 0 errors, 0 left on base; Detroit 4 - Minnesota 0
BOTTOM OF THE 4TH
Minnesota Twins batting - Pitching for Detroit Tigers : LHP Momosuke Sato
Batting: RHB Matthew Starr 0-0: Ball
1-0: Called Strike
1-1: Called Strike
1-2: Foul Ball, location: 2F
1-2: Strikes out swinging
Batting: RHB Danny Miramontes 0-0: Foul Ball, location: 2F
0-1: Foul Ball, location: 2F
0-2: Ball
1-2: Ball
2-2: Foul Ball, location: 2F
2-2: SINGLE (Flyball, 8RM, EV 83.1 MPH)
Batting: RHB José Molina 0-0: Swinging Strike
0-1: Foul Ball, location: 2F
0-2: Strikes out swinging
Batting: RHB Yonetoshi Muranaka 0-0: Foul Ball, location: 2F
0-1: Called Strike
0-2: Ball
1-2: Strikes out looking
Bottom of the 4th over - 0 runs, 1 hit, 0 errors, 1 left on base; Detroit 4 - Minnesota 0
TOP OF THE 5TH
Detroit Tigers batting - Pitching for Minnesota Twins : RHP Jose Lopez
Batting: RHB Dave Calder 0-0: Called Strike
0-1: Fly out, F9 (Flyball, 9LM, EV 83.1 MPH)
Batting: RHB Greg Harman 0-0: Foul Ball, location: 2F
0-1: Ball
1-1: Fly out, F8 (Flyball, 8LXD, EV 110.0 MPH)
Batting: RHB Luke Feeney 0-0: Called Strike
0-1: Ball
1-1: Fly out, F8 (Flyball, 8LD, EV 96.2 MPH)
Top of the 5th over - 0 runs, 0 hits, 0 errors, 0 left on base; Detroit 4 - Minnesota 0
BOTTOM OF THE 5TH
Minnesota Twins batting - Pitching for Detroit Tigers : LHP Momosuke Sato
Batting: LHB Gerardo Flores 0-0: Foul Ball, location: 2F
0-1: Called Strike
0-2: Strikes out swinging
Batting: RHB Tony Rivera 0-0: Ball
1-0: Fly out, F8 (Flyball, 8LXD, EV 84.4 MPH)
Batting: RHB Jesse Scott 0-0: Foul Ball, location: 2F
0-1: Ball
1-1: Ball
2-1: SINGLE (Groundball, 4M, EV 102.5 MPH) (infield hit)
Batting: RHB Väinö Tapaninen 0-0: 2-RUN HOME RUN (Flyball, 7LD, EV 92.5 MPH), Distance : 346 ft
Batting: RHB Hildo Pot 0-0: Called Strike
0-1: Ball
1-1: Foul Ball, location: 2F
1-2: Ball
2-2: Ground out 4-3 (Groundball, 4, EV 90.0 MPH)
Bottom of the 5th over - 2 runs, 2 hits, 0 errors, 0 left on base; Detroit 4 - Minnesota 2
TOP OF THE 6TH
Detroit Tigers batting - Pitching for Minnesota Twins : RHP Jose Lopez
Batting: RHB Ryan Neal 0-0: Called Strike
0-1: Foul Ball, location: 2F
0-2: Ball
1-2: Foul Ball, location: 2F
1-2: SINGLE (Groundball, 4MD, EV 107.5 MPH)
Batting: RHB Victor Quinones 0-0: Called Strike
0-1: Ball
1-1: Fly out, F7 (Flyball, 7LD, EV 71.9 MPH)
Batting: LHB Emmanuel Gaskin 0-0: Ball
1-0: Called Strike
1-1: Ball
2-1: Called Strike
2-2: Ball
3-2: SINGLE (Flyball, 78S, EV 96.9 MPH)
Ryan Neal to second
Ryan Neal to third
Batting: RHB Dave Reynolds 0-0: Fly out, F9 (Flyball, 9, EV 71.9 MPH)
Runner from 3rd tags up, SCORES, throw by RF
Batting: RHB Brady Jeleniewski 0-0: Ball
1-0: Ball
2-0: Called Strike
2-1: Called Strike
2-2: Ball
3-2: Foul Ball, location: 2F
3-2: Base on Balls
Emmanuel Gaskin to second
Pitching: RHP Mark Case
Batting: RHB Danny Eberhart 0-0: Ball
1-0: Ball
2-0: Called Strike
2-1: Foul Ball, location: 2F
2-2: Strikes out swinging
Top of the 6th over - 1 run, 2 hits, 0 errors, 2 left on base; Detroit 5 - Minnesota 2
BOTTOM OF THE 6TH
Minnesota Twins batting - Pitching for Detroit Tigers : LHP Momosuke Sato
Batting: RHB Matthew Starr 0-0: Ball
1-0: Ball
2-0: Called Strike
2-1: Fly out, F9 (Flyball, 9LS, EV 90.6 MPH)
Batting: RHB Danny Miramontes 0-0: Ball
1-0: Ground out 5-3 (Groundball, 56S, EV 85.0 MPH)
Batting: RHB José Molina 0-0: Called Strike
0-1: Ball
1-1: SOLO HOME RUN (Line Drive, 78XD, EV 105.0 MPH), Distance : 416 ft
Batting: RHB Yonetoshi Muranaka 0-0: Called Strike
0-1: Fly out, F8 (Flyball, 8RM, EV 86.2 MPH)
Bottom of the 6th over - 1 run, 1 hit, 0 errors, 0 left on base; Detroit 5 - Minnesota 3
TOP OF THE 7TH
Detroit Tigers batting - Pitching for Minnesota Twins : RHP Mark Case
Batting: RHB Dave Calder 0-0: Ball
1-0: Called Strike
1-1: Foul Ball, location: 2F
1-2: SINGLE (Flyball, 89S, EV 91.9 MPH) - OUT at second base trying to stretch hit.
Batting: RHB Greg Harman 0-0: Ball
1-0: Called Strike
1-1: Swinging Strike
1-2: Ball
2-2: Ball
3-2: Ground out 6-3 (Groundball, 6, EV 82.5 MPH)
Batting: RHB Luke Feeney 0-0: Ball
1-0: Foul Ball, location: 2F
1-1: Ball
2-1: Foul Ball, location: 2F
2-2: Strikes out looking
Top of the 7th over - 0 runs, 1 hit, 0 errors, 0 left on base; Detroit 5 - Minnesota 3
BOTTOM OF THE 7TH
Minnesota Twins batting - Pitching for Detroit Tigers : LHP Momosuke Sato
Batting: LHB Gerardo Flores 0-0: Swinging Strike
0-1: Called Strike
0-2: Fly out, F8 (Flyball, 8LS, EV 77.5 MPH)
Batting: RHB Tony Rivera 0-0: Ball
1-0: Foul Ball, location: 2F
1-1: Called Strike
1-2: Ball
2-2: Strikes out swinging, 2-3 out at first.
Batting: RHB Jesse Scott 0-0: Foul Ball, location: 2F
0-1: Foul Ball, location: 2F
0-2: Ball
1-2: Foul Ball, location: 2F
1-2: Ball
2-2: Strikes out swinging
Bottom of the 7th over - 0 runs, 0 hits, 0 errors, 0 left on base; Detroit 5 - Minnesota 3
TOP OF THE 8TH
Detroit Tigers batting - Pitching for Minnesota Twins : RHP Mark Case
Pitching: RHP Bill Rondeau
Batting: RHB Ryan Neal 0-0: Called Strike
0-1: Foul Ball, location: 2F
0-2: Fly out, F8 (Flyball, 78M, EV 92.5 MPH)
Batting: RHB Victor Quinones 0-0: Called Strike
0-1: Ball
1-1: Foul Ball, location: 2F
1-2: Strikes out looking
Batting: LHB Emmanuel Gaskin 0-0: SINGLE (Line Drive, 9S, EV 101.2 MPH)
Batting: RHB Dave Reynolds 0-0: Ball
1-0: Called Strike
1-1: Swinging Strike
1-2: Strikes out swinging
Top of the 8th over - 0 runs, 1 hit, 0 errors, 1 left on base; Detroit 5 - Minnesota 3
BOTTOM OF THE 8TH
Minnesota Twins batting - Pitching for Detroit Tigers : LHP Momosuke Sato
Pitching: RHP Melvin Medellin
Batting: RHB Väinö Tapaninen 0-0: Foul Ball, location: 2F
0-1: Called Strike
0-2: Strikes out swinging
Batting: RHB Hildo Pot 0-0: Ball
1-0: Called Strike
1-1: Ball
2-1: Foul Ball, location: 2F
2-2: Ball
3-2: Strikes out swinging
Batting: RHB Matthew Starr 0-0: Called Strike
0-1: Foul Ball, location: 2F
0-2: Ball
1-2: Strikes out swinging
Bottom of the 8th over - 0 runs, 0 hits, 0 errors, 0 left on base; Detroit 5 - Minnesota 3
TOP OF THE 9TH
Detroit Tigers batting - Pitching for Minnesota Twins : RHP Bill Rondeau
Batting: RHB Brady Jeleniewski 0-0: Ball
1-0: SOLO HOME RUN (Flyball, 78XD, EV 98.8 MPH), Distance : 382 ft
Batting: RHB Danny Eberhart 0-0: Ground out U3 (Groundball, 34S, EV 89.4 MPH)
Batting: RHB Dave Calder 0-0: Ball
1-0: Called Strike
1-1: Ball
2-1: SINGLE (Line Drive, 7LS, EV 103.1 MPH)
Batting: RHB Greg Harman 0-0: Foul Ball, location: 2F
0-1: Ball
1-1: Called Strike
1-2: Ball
2-2: Strikes out swinging
Batting: RHB Luke Feeney 0-0: Swinging Strike
0-1: Swinging Strike
0-2: Ball
1-2: Foul Ball, location: 2F
1-2: Foul Ball, location: 2F
1-2: Strikes out swinging
Top of the 9th over - 1 run, 2 hits, 0 errors, 1 left on base; Detroit 6 - Minnesota 3
BOTTOM OF THE 9TH
Minnesota Twins batting - Pitching for Detroit Tigers : RHP Melvin Medellin
Pitching: RHP Riso Profanter
Batting: RHB Danny Miramontes 0-0: Foul Ball, location: 2F
0-1: Foul Ball, location: 2F
0-2: Ball
1-2: Ball
2-2: Ground out 6-3 (Groundball, 56, EV 106.2 MPH)
Batting: RHB José Molina 0-0: Foul Ball, location: 2F
0-1: Swinging Strike
0-2: Foul Ball, location: 2F
0-2: Strikes out swinging
Batting: RHB Yonetoshi Muranaka 0-0: Foul Ball, location: 2F
0-1: Fly out, F9 (Line Drive, 9, EV 91.9 MPH)
Bottom of the 9th over - 0 runs, 0 hits, 0 errors, 0 left on base; Detroit 6 - Minnesota 3
Wednesday, June 22nd , 2022 - OOTP Baseball 23.4 Build 64